 Dungeon Crawl Stone Soup version 0.25.1-8-g42b30a86e7 (webtiles) character file.

Game seed: 9827275834084955310

823 hawla the Conjurer (level 7, -6/52 HPs)
             Began as a Purple Draconian Conjurer on Dec 21, 2020.
             Mangled by an ogre
             ... wielding a +0 giant spiked club
              (26 damage)
             ... on level 4 of the Dungeon.
             The game lasted 00:14:45 (6188 turns).

hawla the Conjurer (Purple Draconian Conjurer)      Turns: 6188, Time: 00:14:46

Health: -6/52      AC:  7    Str: 11    XL:     7   Next: 64%
Magic:  2/14       EV: 12    Int: 17    God:
Gold:   220        SH:  0    Dex: 11    Spells: 6/16 levels left

rFire    . . .     SeeInvis .   c - +2 short sword (drain)
rCold    . . .     Gourm    .   (no shield)
rNeg     . . .     Faith    .   (armour unavailable)
rPois    .         Spirit   .   (helmet restricted)
rElec    .         Reflect  .   p - +0 cloak
rCorr    .         Harm     .   (no gloves)
MR       ++...                  (no boots)
Stlth    ++........             (no amulet)
HPRegen  0.17/turn              l - ring of protection from magic
MPRegen  0.14/turn              (no ring)

@: very slightly contaminated
A: breathe power, unfitting armour, cold-blooded, AC +6
a: Breathe Dispelling Energy


You were on level 4 of the Dungeon.
You were hungry.

You visited 1 branch of the dungeon, and saw 5 of its levels.

You collected 220 gold pieces.

Inventory:

Hand Weapons
 c - a +2 short sword of draining (weapon)
Missiles
 d - 3 datura-tipped darts (quivered)
Armour
 p - a +0 cloak (worn)
Jewellery
 l - a ring of protection from magic (left hand)
Wands
 f - a wand of flame (22)
Scrolls
 e - a scroll of teleportation
 h - a scroll of immolation {unknown}
 i - 3 scrolls of remove curse
 k - a scroll of amnesia {unknown}
 m - a scroll of enchant weapon {unknown}
 o - 5 scrolls of identify {unknown}
 r - a scroll of noise {unknown}
Potions
 a - a potion of degeneration {unknown}
 g - 2 potions of cancellation {unknown}
 j - 2 potions of curing {unknown}
 n - a potion of berserk rage {unknown}
 q - a potion of heal wounds {unknown}
 t - a potion of lignification {unknown}
Comestibles
 b - 12 rations


   Skills:
 - Level 1.0 Fighting
 - Level 2.0 Dodging
 - Level 2.0 Stealth
 + Level 5.3 Spellcasting
 * Level 6.6 Conjurations
 - Level 2.0 Hexes
 * Level 4.2 Translocations


You had 6 spell levels left.
You knew the following spells:

 Your Spells              Type           Power        Failure   Level  Hunger
a - Magic Dart            Conj           ####         1%          1    None
b - Searing Ray           Conj           ####..       1%          2    #......
c - Iskenderun's Mystic   Conj/Tloc      ###.....     14%         4    ####...
d - Dazzling Flash        Conj/Hex       ###...       7%          3    ##.....

Your spell library contained the following spells:

 Spells                   Type           Power        Failure   Level  Hunger
 Fulminant Prism          Conj/Hex       ###.......   24%         4    ####...


Dungeon Overview and Level Annotations

Branches:
Dungeon (5/15)
 Temple: D:4-7

Altars:

Annotations:
D:5 Dowan, Duvessa


Innate Abilities, Weirdness & Mutations

You can breathe bolts of dispelling energy.
Your rich purple scales are hard. (AC +6)
You cannot fit into any form of body armour.
You are cold-blooded and may be slowed by cold attacks.


Message History

The puff of flame hits you! The ogre barely misses you.
You climb upwards.
There is a stone staircase leading down here.
Casting: Iskenderun's Mystic Blast (quite dangerous; 14% risk of failure)
Confirm with . or Enter, or press ? or * to list all spells.
The spell is quite dangerous to cast (14% risk of failure)!
Continue anyway?
You miscast Iskenderun's Mystic Blast.
You are very lightly contaminated with residual magic.
Nothing appears to happen.
You are feeling hungry.
As you read the scroll of teleportation, it crumbles to dust.
You feel strangely unstable.
The ogre hits you with a +0 giant spiked club!
The ogre hits you with a +0 giant spiked club.
Things that are here:
a +0 scale mail; a +0 dagger Your surroundings suddenly seem different.
The ogre hits you with a +0 giant spiked club!!
Ouch! That really hurt!
You die...

#.##..... #.##..### ### #.##..#
#.# #.##..# ################.#
#.##..### #.............##.####
#.##..#..
#...................###.##.....
#.#.#######....O..............#
#.#.##.....)..@..##.###.....#..
#.#..)..###....#.#.............
#.####..# #......#.............
#.# #..# #...<..#..#####......
#.####..###.#.#.........+......
#.............+.....#####......
###########.###.....#######'###
#.......#.......>[...[.......
#####.........##..#.#############


You could see an ogre.

Vanquished Creatures
  Sigmund (D:2)
  An ice beast (D:5)
  An ogre (D:4)
  3 wights (D:3)
  2 orc priests (D:3)
  A centaur skeleton (D:4)
  An iguana (D:5)
  An orc wizard (D:4)
  2 worker ants (D:4)
  Terence (D:3)
  6 adders
  An ooze (D:3)
  4 worms
  5 dart slugs
  4 leopard geckos
  7 orcs
  2 ball pythons
  8 giant cockroaches
  3 goblins
  12 hobgoblins
  10 jackals
  3 quokkas
  5 bats
  2 frilled lizards
  3 kobolds
  2 rats
91 creatures vanquished.

Notes
Turn   | Place    | Note
-------+----------+-------------------------------------------
     0 | D:1      | hawla the Draconian Conjurer began the quest for the Orb.
     0 | D:1      | Reached XP level 1. HP: 14/14 MP: 3/3
   379 | D:1      | Reached XP level 2. HP: 22/22 MP: 3/5
   383 | D:1      | Learned a level 2 spell: Searing Ray
   624 | D:1      | Reached skill level 1 in Fighting
  1354 | D:2      | Reached XP level 3. HP: 23/28 MP: 0/6
  2011 | D:2      | Reached XP level 4. HP: 35/35 MP: 5/8
  2017 | D:2      | Learned a level 4 spell: Iskenderun's Mystic Blast
  2220 | D:2      | Noticed Sigmund
  2225 | D:2      | Killed Sigmund
  2225 | D:2      | Reached skill level 5 in Conjurations
  2225 | D:2      | Reached XP level 5. HP: 24/40 MP: 1/10
  3093 | D:3      | Reached XP level 6. HP: 47/47 MP: 5/11
  3573 | D:3      | Noticed Terence
  3756 | D:3      | Killed Terence
  3756 | D:3      | Reached skill level 6 in Conjurations
  4063 | D:3      | You fall into a shaft and drop 1 floor!
  4268 | D:4      | Your scales start taking on a rich purple colour.
  4268 | D:4      | Reached XP level 7. HP: 50/52 MP: 7/14
  4273 | D:4      | Learned a level 3 spell: Dazzling Flash
  4883 | D:4      | Reached skill level 5 in Spellcasting
  4883 | D:4      | Reached skill level 1 in Hexes
  5181 | D:5      | Entered Level 5 of the Dungeon
  5332 | D:5      | Noticed Dowan
  5335 | D:5      | Noticed Duvessa
  6188 | D:4      | Mangled by an ogre

Illustrated notes

Levels and vault maps discovered:
D:1:      wander_arrival_fairy_ring, layout_basic, hex_large
D:2:      layout_basic, minmay_worlds_worst_comb, uniq_sigmund
D:3:      layout_rooms, first_ration, uniq_terence
D:4:      layout_basic
D:5:      layout_rooms, uniq_duvessa, uniq_grinder

Skill      XL: |  1  2  3  4  5  6  7 |
---------------+----------------------+-----
Stealth        | 2 |  2.0
Dodging        | 2 |  2.0
Fighting       | 1 |  1.0
Spellcasting   | 3 4 5 |  5.3
Conjurations   | 5 6 |  6.6
Translocations | 2 3 4 |  4.2
Hexes          | 2 |  2.0

Action                   |  1- 3 |  4- 6 |  7- 9 || total
-------------------------+-------+-------+-------++-------
Melee: Unarmed           |    59 |       |       ||    59
       Tailslap          |     8 |     2 |       ||    10
       Short sword       |       |    19 |     3 ||    22
Throw: Dart              |     1 |       |       ||     1
 Cast: Magic Dart        |    52 |    51 |    14 ||   117
       Searing Ray       |    12 |    25 |    15 ||    52
       Iskenderun's Myst |       |     2 |     8 ||    10
       Dazzling Flash    |       |       |     2 ||     2
  Use: Scroll            |     3 |     1 |     1 ||     5
  Eat: Chunk             |     5 |     7 |     5 ||    17
       Ration            |       |       |     1 ||     1
Armor: Skin              |    21 |    19 |    10 ||    50
Dodge: Dodged            |    70 |    24 |    23 ||   117
